 Dungeon Crawl Stone Soup version 0.24-a0-208-g17bec22d17 (webtiles) character file.

Game seed: 7513645429301417835

4 Redear the Vexing (level 1, -4/8 HPs)
             Began as a Felid Enchanter on Mar 29, 2019.
             Killed from afar by a dart slug (7 damage)
             ... with a slug dart
             ... on level 1 of the Dungeon.
             The game lasted 00:03:35 (123 turns).

Redear the Vexing (Felid Enchanter)                  Turns: 123, Time: 00:03:35

Health: -4/8       AC:  1    Str:  4    XL:     1   Next: 50%
Magic:  3/4        EV: 18    Int: 16    God:
Gold:   0          SH:  0    Dex: 16    Spells: 3/4 levels left
                                        Lives:  0   Deaths: 0

rFire    . . .     SeeInvis +     - Unarmed
rCold    . . .     Gourm    .   (shield unavailable)
rNeg     . . .     Faith    .   (armour unavailable)
rPois    .         Spirit   .   (helmet unavailable)
rElec    .         Reflect  .   (cloak unavailable)
rCorr    .         Harm     .   (gloves unavailable)
MR       .....                  (boots unavailable)
Stlth    +++.......             (no amulet)
HPRegen  0.02/turn              c - ring of flight
MPRegen  0.09/turn              (no ring)

@: quick
A: very small, no armour, no weapons or thrown items, stealth, claws 1, fangs 3,
see invisible, carnivore, speed 1, shaggy fur 1, slow metabolism 1, sharp paws
a: Evoke Flight


You were on level 1 of the Dungeon.
You were not hungry.

You visited 1 branch of the dungeon, and saw 1 of its levels.

Inventory:

Jewellery
 c - a ring of flight (left paw)
Potions
 a - a potion of haste {unknown}
Comestibles
 b - a ration


   Skills:
 + Level 0.3 Fighting
 + Level 2.8 Dodging
 + Level 4.1 Stealth
 + Level 1.1 Unarmed Combat
 - Level 2.0 Spellcasting
 - Level 4.4 Hexes


You had 3 spell levels left.
You knew the following spells:

 Your Spells              Type           Power        Failure   Level  Hunger
v - Corona                Hex            ###....      3%          1    #......

Your spell library contained the following spells:

 Spells                   Type           Power        Failure   Level  Hunger
 Confuse                  Hex            ###.....     11%         3    ###....
 Tukima's Dance           Hex            ###.....     11%         3    ###....
 Ensorcelled Hibernation  Hex/Ice        #.....       13%         2    ###....
 Dazzling Spray           Conj/Hex       #.....       26%         3    ###....


Dungeon Overview and Level Annotations

Branches:
Dungeon (1/15)

Altars:


Innate Abilities, Weirdness & Mutations

You cannot wear armour.
You are incapable of wielding weapons or throwing items.
Your paws allow you to move quietly. (Stealth)
You have sharp claws.
You have razor-sharp teeth.
You have supernaturally acute eyesight. (SInv)
You are carnivorous and can eat meat at any time.
You cover ground quickly.
You are covered in fur. (AC +1)
You have a slow metabolism.
Your sharp claws are effective at attacking unaware monsters.


Message History

The dart slug is too close now for your liking.
You start resting.
The dart slug is too close now for your liking.
Aim: a dart slug (clinging, chance to defeat MR: 69%)
The dart slug is outlined in light.
You now have 3/4 mp.
Unknown command.
You completely miss the dart slug.
You scratch the dart slug but do no damage.
You bite the dart slug. The dart slug misses you.
You scratch the dart slug but do no damage.
The dart slug completely misses you.
You scratch the dart slug.
You scratch the dart slug but do no damage.
The dart slug barely misses you.
You scratch the dart slug. The dart slug launches a dart at you.
The slug dart hits you!
Ouch! That really hurt!
You die...

### .. ##.# #.. # #.#
.# ##.#######.##
##...##.w@...#
########.$#..#.####.#
#..).##..#.#...####.#
#.......#...#...†...##
)..#####$..K$#####...#
.#..#...........#..#.#
..#..#.........#.....#
#.#..#....<....#..#w##
#...#...........#..K##


You could see a dart slug and a kobold.

Levels and vault maps discovered:
D:1:      scummos_arrival_star, layout_basic, corexii_corridor_pit

Notes
Turn   | Place    | Note
-------+----------+-------------------------------------------
     0 | D:1      | Redear the Felid Enchanter began the quest for the Orb.
     0 | D:1      | Reached XP level 1. HP: 7/7 MP: 4/4
     0 | D:1      | Identified a +0 club
    22 | D:1      | Identified a +0 whip
    25 | D:1      | HP: 1/7 [kobold/+0 whip (4)]
    88 | D:1      | Identified a ring of flight (You found it on level 1 of the
                  | Dungeon)
   123 | D:1      | Killed from afar by a dart slug

Table legend:
 A = Turns spent in this place as a percentage of turns spent in the entire game.
 B = Non-inter-level travel turns spent in this place as a percentage of non-inter-level travel turns spent in the entire game.
 C = Inter-level travel turns spent in this place as a percentage of turns spent in this place.
 D = Turns resting spent in this place as a percentage of non-inter-level travel turns spent in this place.
 E = Turns spent auto-exploring this place as a percentage of non-inter-level travel turns spent in this place.
 F = Non-inter-level travel turns spent in this place divided by the number of levels of this place that you've seen.
                   A       B       C       D       E      F
               +-------+-------+-------+-------+-------+----------------------
         Total | 100.0 | 100.0 |   0.0 |   9.8 |   3.3 | 123.0
       Dungeon | 100.0 | 100.0 |   0.0 |   9.8 |   3.3 | 123.0
               +-------+-------+-------+-------+-------+----------------------

Table legend:
 A = Kills in this place as a percentage of kills in entire the game.
 B = Kills by you in this place as a percentage of kills by you in the entire game.
 C = Kills by friends in this place as a percentage of kills by friends in the entire game.
 D = Other kills in this place as a percentage of other kills in the entire game.
 E = Experience gained in this place as a percentage of experience gained in the entire game.
 F = Experience gained in this place divided by the number of levels of this place that you have seen.
                   A       B       C       D       E      F
               +-------+-------+-------+-------+-------+----------------------
         Total | 100.0 | 100.0 |   N/A |   N/A | 100.0 |   6.0
       Dungeon | 100.0 | 100.0 |   N/A |   N/A | 100.0 |   6.0
               +-------+-------+-------+-------+-------+----------------------

Action                   || total
-------------------------++-------
Melee: Unarmed           ||    17
       Bite              ||     4
 Cast: Corona            ||     6
 Stab: Sleeping          ||     2
Armor: Skin              ||     3
Dodge: Dodged            ||    34

Vanquished Creatures
  A giant cockroach (D:1)
  A hobgoblin (D:1)
  A bat (D:1)
  A rat (D:1)
4 creatures vanquished.
